 Dungeon Crawl Stone Soup version 0.26.0-41-g79a4fc7684 (webtiles) character file.

Game seed: 4750811558854144668

664067 trckry the Evocator (level 27, 0/175 HPs)
             Began as a Tengu Hunter on Jan 26, 2021.
             Was the Champion of Okawaru.
             Slain by an azure jelly (2 damage)
             ... while paralysed by a great orb of eyes
             ... on level 3 of the Pits of Slime on Jan 27, 2021.
             The game lasted 03:46:42 (64163 turns).

trckry the Evocator (Tengu Hunter)                 Turns: 64163, Time: 03:46:42

Health: 0/175      AC: 38    Str: 31 (32) XL:     27
Magic:  32/32      EV:  2    Int: 13      God:    Okawaru [******]
Gold:   5268       SH:  0    Dex: 21      Spells: 26/26 levels left

rFire    + . .     SeeInvis +   a - +8 morningstar of Ru {venom, Str+5}
rCold    + + +     Faith    .   m - +4 kite shield "Aziquuso" {rPois rC+ Regen+}
rNeg     . . .     Spirit   .   o - +12 crystal plate armour "Arenug" {Regen+ Int-3 Dex+6 SInv}
rPois    +         Reflect  +   f - +0 hat of Vossu {+Inv rElec Str+3 Int-5}
rElec    +         Harm     .   s - scarf {rC+ rF+}
rCorr    +         Rampage  .   v - +2 pair of gloves of Anaesthesia {-Cast Int+8 Slay+3}
Will     ++...     NoCast   +   (boots unavailable)
Stlth    ..........             t - amulet of reflection
HPRegen  1.19/turn              U - ring of resist corrosion
MPRegen  0.23/turn              p - ring "Moly" {+Blink rPois rF- rC+++ AC+4}

@: paralysed, corroded, flying quickly and evasively, quick
A: beak, horns 1, talons 3, deterioration 1, fire resistance 1, poison
resistance, electricity resistance, MP-powered wands, able to fly
}: 3/15 runes: serpentine, barnacled, silver
a: Stop Flying, Renounce Religion, Evoke Blink, Evoke Invisibility, Heroism,
Finesse


You were on level 3 of the Pits of Slime.
You worshipped Okawaru.
Okawaru was exalted by your worship.
You visited 10 branches of the dungeon, and saw 48 of its levels.
You visited the Abyss 1 time.
You also visited: Trove, Sewer, Ossuary and Ice Cave.

You collected 9554 gold pieces.
You spent 4286 gold pieces at shops.

Inventory:

Hand Weapons
 a - the +8 morningstar of Ru (weapon) {venom, Str+5}
   (You found it on level 6 of the Dungeon)

   It poisons the flesh of those it strikes.
   It affects your strength (+5).
 b - the +11 hand crossbow "Sifujoosh" {elec, rPois Str+3 Dex-4}
   (You found it on level 1 of the Depths)

   It charges the ammunition it shoots with electricity; occasionally upon a
   hit, such missiles may discharge and cause terrible harm.
   It affects your strength (+3).
   It affects your dexterity (-4).
   It protects you from poison.
 J - a +3 vampiric lajatang
 L - the +6 arbalest of the Dragonfly {penet, Int+6}
   (Okawaru gifted it to you on level 11 of the Dungeon)

   Ammo fired by it passes through the targets it hits, potentially hitting all
   targets in its path until it reaches maximum range.
   It affects your intelligence (+6).
Missiles
 d - 2550 bolts
Armour
 f - the +0 hat of Vossu (worn) {+Inv rElec Str+3 Int-5}
   (Okawaru gifted it to you on level 1 of the Orcish Mines)

   It affects your strength (+3).
   It affects your intelligence (-5).
   It insulates you from electricity.
   It lets you turn invisible.
 m - the +4 kite shield "Aziquuso" (worn) {rPois rC+ Regen+}
   (You found it on level 8 of the Dungeon)

   It protects you from cold.
   It protects you from poison.
   It increases your rate of regeneration.
 o - the +12 crystal plate armour "Arenug" (worn) {Regen+ Int-3 Dex+6 SInv}
   (Okawaru gifted it to you on level 5 of the Depths)

   It affects your intelligence (-3).
   It affects your dexterity (+6).
   It lets you see invisible.
   It increases your rate of regeneration.
 s - a scarf of resistance (worn)
 v - the +2 pair of gloves of Anaesthesia (worn) {-Cast Int+8 Slay+3}
   (You acquired it on level 4 of the Depths)

   It affects your intelligence (+8).
   It affects your accuracy and damage with ranged weapons and melee attacks
   (+3).
   It prevents spellcasting.
Jewellery
 p - the ring "Moly" (right hand) {+Blink rPois rF- rC+++ AC+4}
   (You bought it in a shop on level 4 of the Depths)

   [ring of protection]

   It affects your AC (+4).
   It makes you vulnerable to fire.
   It renders you almost immune to cold.
   It protects you from poison.
   It lets you blink.
 t - an amulet of reflection (around neck)
 R - the ring "Jihit" {Wiz rN+ Will+ Str+4 Stlth+}
   (You took it off a deep elf annihilator on level 3 of the Elven Halls)

   [ring of wizardry]

   It improves your spell success rate.
   It affects your strength (+4).
   It protects you from negative energy.
   It affects your willpower, your defense against some magical effects.
   It makes you more stealthy.
 U - a ring of resist corrosion (left hand)
 W - the ring "Cacos" {rC+ rN++ Will+ Str+6 SInv}
   (You acquired it on level 2 of the Depths)

   [ring of strength]

   It affects your strength (+6).
   It protects you from cold.
   It greatly protects you from negative energy.
   It affects your willpower, your defense against some magical effects.
   It lets you see invisible.
Wands
 z - a wand of iceblast (36)
 D - a wand of polymorph (55)
 I - a wand of paralysis (13)
 Q - a wand of disintegration (70)
 S - a wand of digging (22)
 Y - a wand of acid (65)
Scrolls
 c - 15 scrolls of magic mapping
 e - a scroll of blinking
 i - 11 scrolls of enchant weapon
 j - 25 scrolls of identify
 k - 11 scrolls of fear
 r - 5 scrolls of brand weapon
 u - 3 scrolls of immolation
 w - 2 scrolls of silence
 x - 32 scrolls of remove curse
 y - 26 scrolls of teleportation
 E - 2 scrolls of torment
 G - 11 scrolls of enchant armour
 K - 6 scrolls of fog
 X - 2 scrolls of summoning
Potions
 h - 4 potions of mutation
 l - 24 potions of curing
 n - 13 potions of might
 q - 6 potions of attraction
 C - 4 potions of cancellation
 F - 7 potions of berserk rage
 H - 15 potions of heal wounds
 N - a potion of resistance
 O - 6 potions of invisibility
 P - 17 potions of lignification
 T - 8 potions of haste
Miscellaneous
 g - a phial of floods
 A - a lightning rod (4/4)
 B - a phantom mirror
 M - a condenser vane
 V - a tin of tremorstones (2/2)


   Skills:
 + Level 18.7 Fighting
 - Level 15.2(16.3) Maces & Flails
 - Level 10.3(14.0) Staves
 - Level 18.0 Crossbows
 + Level 20.0 Armour
 + Level 17.4 Dodging
 - Level 1.0 Stealth
 * Level 16.9 Shields
 - Level 11.9 Invocations
 * Level 22.3 Evocations


You had 26 spell levels left.
You didn't know any spells.
Your spell library contained the following spells:

 Spells                   Type           Power        Failure   Level
 Animate Skeleton         Necr           0%           96%         1
 Apportation              Tloc           0%           96%         1
 Beastly Appendage        Tmut           0%           96%         1
 Corona                   Hex            0%           96%         1
 Foxfire                  Conj/Fire      0%           96%         1
 Magic Dart               Conj           0%           96%         1
 Pain                     Necr           0%           96%         1
 Sandblast                Erth           0%           96%         1
 Sting                    Tmut/Pois      0%           96%         1
 Summon Small Mammal      Summ           0%           96%         1
 Blink                    Tloc           N/A          99%         2
 Call Imp                 Summ           0%           99%         2
 Corpse Rot               Necr/Air       N/A          99%         2
 Ensorcelled Hibernation  Hex/Ice        0%           99%         2
 Passwall                 Tmut/Erth      0%           99%         2
 Poisonous Vapours        Pois/Air       0%           99%         2
 Searing Ray              Conj           0%           99%         2
 Slow                     Hex            0%           99%         2
 Sublimation of Blood     Necr           0%           99%         2
 Wereblood                Tmut           0%           99%         2
 Call Canine Familiar     Summ           0%           100%        3
 Confusing Touch          Hex            0%           100%        3
 Conjure Flame            Conj/Fire      0%           100%        3
 Dazzling Flash           Conj/Hex       0%           100%        3
 Gell's Gravitas          Tloc           0%           100%        3
 Ignite Poison            Fire/Tmut/Pois 0%           100%        3
 Lesser Beckoning         Tloc           0%           100%        3
 Mephitic Cloud           Conj/Pois/Air  0%           100%        3
 Portal Projectile        Hex/Tloc       0%           100%        3
 Spider Form              Tmut/Pois      0%           100%        3
 Static Discharge         Conj/Air       0%           100%        3
 Stone Arrow              Conj/Erth      0%           100%        3
 Summon Guardian Golem    Hex/Summ       0%           100%        3
 Teleport Other           Tloc           0%           100%        3
 Tukima's Dance           Hex            0%           100%        3
 Vampiric Draining        Necr           0%           100%        3
 Animate Dead             Necr           0%           100%        4
 Cause Fear               Hex            0%           100%        4
 Fulminant Prism          Conj/Hex       0%           100%        4
 Ice Form                 Ice/Tmut       0%           100%        4
 Iskenderun's Mystic Bla  Conj/Tloc      0%           100%        4
 Leda's Liquefaction      Hex/Erth       0%           100%        4
 Olgreb's Toxic Radiance  Pois           0%           100%        4
 Petrify                  Tmut/Erth      0%           100%        4
 Summon Ice Beast         Ice/Summ       0%           100%        4
 Summon Lightning Spire   Summ/Air       0%           100%        4
 Agony                    Necr           0%           100%        5
 Alistair's Intoxication  Tmut/Pois      0%           100%        5
 Blade Hands              Tmut           0%           100%        5
 Bolt of Magma            Conj/Fire/Erth 0%           100%        5
 Borgnjor's Vile Clutch   Necr/Erth      0%           100%        5
 Irradiate                Conj/Tmut      0%           100%        5
 Iskenderun's Battlesphe  Conj           0%           100%        5
 Lee's Rapid Deconstruct  Erth           0%           100%        5
 Lightning Bolt           Conj/Air       0%           100%        5
 Metabolic Englaciation   Hex/Ice        0%           100%        5
 Silence                  Hex/Air        0%           100%        5
 Summon Forest            Summ/Tloc      0%           100%        5
 Summon Mana Viper        Hex/Summ       0%           100%        5
 Yara's Violent Unravell  Hex/Tmut       0%           100%        5
 Death Channel            Necr           0%           100%        6
 Dispersal                Tloc           0%           100%        6
 Eringya's Noxious Bog    Tmut/Pois      0%           100%        6
 Freezing Cloud           Conj/Ice/Air   0%           100%        6
 Hydra Form               Tmut           0%           100%        6
 Invisibility             Hex            0%           100%        6
 Iron Shot                Conj/Erth      0%           100%        6
 Ozocubu's Refrigeration  Ice            0%           100%        6
 Shadow Creatures         Summ           N/A          100%        6
 Simulacrum               Ice/Necr       0%           100%        6
 Statue Form              Tmut/Erth      0%           100%        6
 Dragon Form              Tmut           0%           100%        7
 Haunt                    Necr/Summ      0%           100%        7
 Orb of Destruction       Conj           0%           100%        7
 Spellforged Servitor     Conj/Summ      0%           100%        7
 Summon Hydra             Summ           0%           100%        7
 Borgnjor's Revivificati  Necr           0%           100%        8
 Disjunction              Tloc           0%           100%        8
 Ignition                 Fire           0%           100%        8
 Infestation              Necr           0%           100%        8
 Necromutation            Tmut/Necr      0%           100%        8
 Death's Door             Necr           0%           100%        9
 Dragon's Call            Summ           0%           100%        9
 Shatter                  Erth           0%           100%        9
 Tornado                  Air            0%           100%        9


Dungeon Overview and Level Annotations

Branches:
Dungeon (15/15)            Temple (1/1) D:4            Lair (6/6) D:9
 Shoals (4/4) Lair:2        Snake (4/4) Lair:3        Slime (3/5) Lair:6
    Orc (2/2) D:10            Elf (3/3) Orc:2        Vaults (5/5) D:14
  Crypt (0/3) Vaults:3     Depths (5/5) D:15            Zot (0/5) Depths:5
  Sewer (visited)         Ossuary (visited)           IceCv (visited)

Altars:
Ashenzari
Cheibriados
Dithmenos
Elyvilon
Fedhas
Gozag
Hepliaklqana
Kikubaaqudgha
Makhleb
Nemelex Xobeh
Okawaru
Qazlal
Ru
Sif Muna
Trog
Uskayaw
Vehumet
Wu Jian
Xom
Yredelemnul
Zin
The Shining One
Beogh

Shops:
Orc:1 [   Orc:2 *??(*   Shoals:2 :(*=(   Snake:1 *[(:}*   Vaults:2 ?
Vaults:5 }   Depths:4 }}=   Depths:5 (**!

Portals:
Hell: Depths:1 Depths:2 Depths:3 Depths:4 Depths:5
Abyss: Depths:1 Depths:4
Pandemonium: Depths:3
Ziggurat: Depths:4

Annotations:
Vaults:1 3 runed translucent doors, Zotwa's ghost, adept GnSk


Innate Abilities, Weirdness & Mutations

You have a beak for a mouth.
You have claws for feet.
You can fly continuously.
You have a pair of small horns on your head.
Your body sometimes deteriorates upon taking damage.
Your flesh is heat resistant. (rF+)
Your system is resistant to poisons. (rPois)
You are resistant to electric shocks. (rElec)
You expend magic power (3 MP) to strengthen your wands.


Message History

The very large slime creature hits you.
* * * LOW HITPOINT WARNING * * *
The great orb of eyes bites you but does no damage.
The azure jelly hits you but does no damage. x2
The azure jelly hits you.
* * * LOW HITPOINT WARNING * * *
The azure jelly hits you but does no damage.
The acid blob hits you but does no damage.
The azure jelly hits you but does no damage. x4
The enormous slime creature hits you!
* * * LOW HITPOINT WARNING * * *
Two slime creatures merge to form an enormous slime creature.
The great orb of eyes bites you but does no damage.
The large slime creature hits you!
* * * LOW HITPOINT WARNING * * *
The azure jelly hits you but does no damage. x2
The azure jelly hits you.
* * * LOW HITPOINT WARNING * * *
The azure jelly hits you.
You die...

....#.. .......
#...... .......
#..... .......
#....#.......
.##............
........J......
......JJJ......
......J@J.....#
......JGJ.....#
.......>.....##
...............
#............##
........#....#
......####....#
...... ##.##


You could see an acid blob, 2 azure jellies, a great orb of eyes, a titanic
slime creature, 2 enormous slime creatures, a large slime creature and a slime
creature.

Vanquished Creatures
  Mara (Vaults:3)
  An ancient lich (Vaults:5)
  3 juggernauts
  Sojobo (Vaults:4)
  Bai Suzhen (Vaults:4)
  Vashnia (Snake:4)
  2 caustic shrikes
  8 golden dragons
  Nikola (Vaults:1)
  3 liches
  Jorgrun (Snake:2)
  Asterion (Vaults:2)
  A deep elf blademaster (Elf:3)
  5 tentacled monstrosities
  3 krakens
  2 deep elf master archers (Elf:3)
  A titan (Depths:2)
  3 acid blobs (Slime:1)
  Frances (Snake:1)
  Gastronok (D:8)
  6 sphinxes
  A tentacled starspawn (Abyss:2)
  7 shadow dragons (Vaults:5)
  Donald (Shoals:4)
  6 storm dragons
  8 tengu reavers
  Ilsuiw (Shoals:3)
  16 nagarajas
  12 frost giants
  10 fire giants
  An iron dragon (Vaults:5)
  Louise (D:15)
  A draconian scorcher (Depths:5)
  5 deep elf sorcerers
  3 orc warlords
  A draconian stormcaller (Depths:5)
  14 vault wardens
  A ghoul (Vaults:4)
  5 deep elf elementalists (Elf:3)
  The ghost of abragg123 the Thaumaturge, a journeyman DsIE of Sif Muna (Orc:2)
  Aizul (Snake:1)
  16 ironheart preservers
  25 stone giants
  4 war gargoyles
  24 very ugly things
  4 vampire knights
  6 deep elf demonologists
  2 purple draconians (Depths:5)
  5 spark wasps
  3 black draconians (Depths:5)
  An entropy weaver (shapeshifter) (Depths:1)
  7 deep elf annihilators
  2 white draconians (Depths:5)
  2 entropy weavers
  A spark wasp (shapeshifter) (Vaults:5)
  6 merfolk javelineers
  A crystal guardian (Vaults:4)
  6 deep elf death magi
  11 ettins
  12 fire dragons
  9 merfolk impalers
  2 deep elf high priests
  14 great orbs of eyes
  A death ooze (Lair:6)
  21 yaktaur captains
  6 hydras
  Harold (D:7)
  24 vault guards (Vaults:5)
  4 rakshasas
  8 boulder beetles
  11 ice dragons
  6 anacondas
  32 naga warriors
  5 spriggan air magi
  An alligator snapping turtle (Shoals:4)
  6 merfolk avatars
  11 centaur warriors
  36 two-headed ogres
  3 merfolk aquamancers (Shoals:4)
  17 deep troll shamans
  25 dancing weapons
  7 tengu warriors
  5 satyrs
  12 ogre magi
  3 death knights
  An orc high priest (Elf:2)
  6 spriggan berserkers
  2 vampire magi
  20 naga sharpshooters
  12 deep troll earth magi
  A soul eater (Depths:5)
  Urug (Orc:2)
  6 hell knights
  3 thrashing horrors (Abyss:3)
  2 sun demons (Abyss:3)
  8 shock serpents
  3 salamander mystics
  3 wretched stars (Abyss:2)
  5 iron trolls
  23 sea snakes
  A shadow wraith (Vaults:1)
  26 deep elf knights
  2 spatial maelstroms (Abyss:2)
  A spark wasp zombie (Depths:2)
  5 flayed ghosts
  16 wizards
  A swamp dragon (Lair:6)
  7 unseen horrors
  22 deep trolls
  A tengu zombie (Depths:1)
  10 glowing orange brains
  A sphinx zombie (Depths:2)
  8 naga ritualists
  9 orc knights
  2 lindwurms (Lair:6)
  23 harpies
  4 phantasmal warriors
  11 ironbrand convokers
  Pikel (D:7)
  3 necromancers
  21 deep elf archers
  A tengu skeleton (Depths:2)
  6 oklob plants
  3 wolf spiders
  An orb spider (shapeshifter) (Vaults:5)
  5 mana vipers
  70 deep elf magi
  A cyclops (shapeshifter) (Depths:4)
  20 fauns
  A will-o-the-wisp (Abyss:2)
  29 ugly things
  10 cyclopes
  3 shining eyes
  A spriggan zombie (Depths:1)
  14 salamanders
  7 manticores
  An apocalypse crab (Abyss:2)
  10 merfolk sirens
  A black mamba (shapeshifter) (D:14)
  27 black mambas
  10 guardian serpents
  A centaur zombie (D:15)
  2 ice statues (IceCv)
  2 stone giant skeletons
  22 eyes of devastation
  16 naga magi
  14 water nymphs
  16 vault sentinels
  5 torpor snails (Lair:6)
  An orange demon (Abyss:2)
  5 rime drakes
  Psyche (D:10)
  A gargoyle (D:9)
  10 cane toads
  A cane toad (shapeshifter) (Depths:4)
  An eye of devastation (shapeshifter) (Depths:1)
  A kobold demonologist (D:12)
  44 yaktaurs
  11 komodo dragons
  8 freezing wraiths
  An efreet (D:13)
  10 ice devils
  41 merfolk
  6 tengu conjurers
  A jumping spider (shapeshifter) (Vaults:5)
  A hellwing (Depths:5)
  2 meliai (shapeshifter)
  9 trolls
  10 wind drakes
  4 polar bears
  3 tyrant leeches (Lair:6)
  10 hornets
  Grinder (D:6)
  A wind drake (shapeshifter) (Depths:5)
  A frost giant simulacrum (Vaults:2)
  85 slime creatures
  A fire dragon zombie (Depths:1)
  11 snapping turtles
  22 blink frogs
  A dream sheep (shapeshifter) (Depths:1)
  2 spriggans (shapeshifter)
  An ettin skeleton (Depths:1)
  5 air elementals
  3 redbacks (Vaults:2)
  4 spriggans
  11 water elementals
  2 shadows
  A vampire (D:9)
  2 ynoxinuls (Abyss:2)
  An orc simulacrum (Vaults:1)
  6 basilisks
  A fire bat (shapeshifter) (Depths:4)
  7 wraiths
  55 yaks
  A wyvern (shapeshifter) (Depths:1)
  3 golden eyes (Depths:3)
  2 neqoxecs (Abyss:2)
  4 wyverns
  2 golden eyes (shapeshifter)
  3 fire elementals
  4 steam dragons
  A vampire mosquito (D:13)
  3 soldier ants
  A swamp worm (shapeshifter) (Depths:1)
  3 wargs
  An acid dragon (shapeshifter) (Vaults:5)
  A harpy simulacrum (D:14)
  15 water moccasins
  3 acid dragons
  A large abomination (Abyss:3)
  68 nagas
  3 floating eyes
  3 hell hounds (Abyss:2)
  A swamp drake (Lair:6)
  54 orc warriors
  A sky beast (D:9)
  5 black bears
  3 ice beasts
  4 phantoms
  3 eyes of draining (shapeshifter)
  2 eyes of draining
  3 starcursed masses (Abyss:2)
  5 boggarts
  18 wolves
  30 ogres
  4 lemures
  37 centaurs
  5 big kobolds
  21 bullfrogs
  A wyvern zombie (D:12)
  4 earth elementals
  3 water moccasin zombies (Ossuary)
  2 scorpions
  12 killer bees
  8 wights
  7 howler monkeys
  2 crimson imps (Depths:5)
  4 small abominations
  A bullfrog zombie (D:11)
  Crazy Yiuf (D:2)
  12 orc priests
  3 bullfrog skeletons
  6 centaur skeletons
  A gnoll shaman (D:8)
  7 hounds
  2 jellies
  23 orc wizards
  2 iron imps (Abyss:2)
  Jessica (D:2)
  Natasha (thrice) (D:4)
  7 hell rats (Lair:4)
  5 iguanas
  10 worker ants
  4 big kobold zombies (Ossuary)
  A killer bee zombie (D:5)
  A hound skeleton (D:6)
  3 mummies
  A howler monkey zombie (D:9)
  3 worker ant zombies
  7 adders
  8 gnolls
  8 river rats (Sewer)
  A shadow imp (D:9)
  9 white imps
  9 ufetubi
  An ooze (Sewer)
  An adder skeleton (D:8)
  4 adder zombies
  3 dart slugs
  10 leopard geckos
  91 orcs
  6 bats
  6 giant cockroaches
  6 gnoll zombies (Ossuary)
  6 goblins
  9 hobgoblins
  5 jackals
  7 quokkas
  9 ball pythons
  5 frilled lizards
  4 hobgoblin zombies
  40 kobolds
  7 kobold zombies
  3 leopard gecko skeletons
  A leopard gecko zombie (D:6)
  4 orc zombies
  22 rats
  3 crawling corpses (Vaults:5)
  9 tentacles
2289 creatures vanquished.

Vanquished Creatures (others)
  A reaper (IceCv)
  An ettin (Vaults:4)
  A vault guard (Vaults:4)
  A naga warrior (Snake:4)
  A naga sharpshooter (Snake:4)
  A deep elf mage (Elf:1)
  A manticore (Shoals:3)
  A naga mage (Snake:4)
  3 nagas
  5 white imps (IceCv)
  4 ufetubi (IceCv)
  An orc (Elf:2)
  2 foxfires (Abyss:2)
  9 fungi
  A lurking horror (Abyss:2)
  127 plants
  2 starspawn tentacles (Abyss:2)
  20 tentacles
182 creatures vanquished.

Grand Total: 2471 creatures vanquished

Notes
Turn   | Place    | Note
-------+----------+-------------------------------------------
     0 | D:1      | trckry the Tengu Hunter began the quest for the Orb.
     0 | D:1      | Reached XP level 1. HP: 12/12 MP: 2/2
   159 | D:1      | Reached XP level 2. HP: 16/17 MP: 3/3
   427 | D:1      | Reached skill level 1 in Armour
   678 | D:2      | Reached XP level 3. HP: 22/22 MP: 4/4
   747 | D:2      | Reached skill level 5 in Crossbows
  1222 | D:2      | Reached XP level 4. HP: 27/27 MP: 5/5
  1269 | D:2      | Noticed Jessica
  1270 | D:2      | Found a blossoming altar of Fedhas.
  1283 | D:2      | Killed Jessica
  1593 | D:2      | Found a faded altar of an unknown god.
  1617 | D:2      | Found a runed translucent door.
  1618 | D:2      | Noticed Crazy Yiuf
  1629 | D:2      | Killed Crazy Yiuf
  1630 | D:2      | Gained mutation: You can fly continuously. [Tengu growth]
  1630 | D:2      | Reached XP level 5. HP: 15/32 MP: 6/6
  2053 | D:3      | Reached skill level 1 in Staves
  3047 | D:4      | Reached XP level 6. HP: 37/37 MP: 7/7
  3085 | D:4      | Got a slimy amethyst amulet
  3096 | D:4      | Identified the amulet of Amirghu {Acrobat rF++ Int+4} (You
                  | found it on level 4 of the Dungeon)
  3324 | D:4      | Noticed a phantom
  3326 | D:4      | Noticed Natasha
  3338 | D:4      | Killed Natasha
  3358 | D:4      | Killed a phantom
  3514 | D:4      | Found a staircase to the Ecumenical Temple.
  3515 | D:4      | Noticed a phantom
  3515 | D:4      | Noticed a phantom
  3535 | D:4      | Killed a phantom
  3536 | D:4      | Reached XP level 7. HP: 37/42 MP: 8/8
  3567 | Temple   | Entered the Ecumenical Temple
  3614 | Temple   | Became a worshipper of Warmaster Okawaru
  4023 | D:4      | Noticed Natasha
  4029 | D:4      | Killed Natasha
  4178 | D:4      | Found a staircase to the Ecumenical Temple.
  4271 | D:4      | Noticed Natasha
  4274 | D:4      | Killed Natasha
  4540 | D:5      | Entered Level 5 of the Dungeon
  5256 | D:6      | Got a brightly glowing morningstar
  5257 | D:6      | Identified the +8 morningstar of Ru {venom, Str+5} (You
                  | found it on level 6 of the Dungeon)
  5260 | D:6      | Noticed Grinder
  5261 | D:6      | Paralysed by Grinder for 5 turns
  5272 | D:6      | Killed Grinder
  5273 | D:6      | Reached skill level 1 in Invocations
  5273 | D:6      | Reached skill level 1 in Evocations
  5273 | D:6      | Reached XP level 8. HP: 48/48 MP: 9/9
  5462 | D:6      | Reached * piety under Okawaru
  5614 | D:6      | Reached skill level 5 in Staves
  5671 | D:6      | Found a glowing drain.
  5682 | Sewer    | Entered a sewer
  6069 | Sewer    | Reached skill level 2 in Evocations
  6556 | D:6      | Found a bloodstained altar of Trog.
  6756 | D:7      | Noticed Harold
  6793 | D:7      | Noticed Pikel
  7072 | D:6      | Reached XP level 9. HP: 43/52 MP: 11/11
  7196 | D:7      | Paralysed by Pikel for 4 turns
  7366 | D:7      | Killed Pikel
  7366 | D:7      | Reached ** piety under Okawaru
  7367 | D:7      | Reached skill level 5 in Fighting
  7367 | D:7      | Reached skill level 3 in Evocations
  7391 | D:7      | Killed Harold
  7391 | D:7      | Reached *** piety under Okawaru
  7392 | D:7      | Reached skill level 5 in Armour
  7860 | D:8      | Found a sand-covered staircase.
  7879 | Ossuary  | Entered an ossuary
  7901 | Ossuary  | Reached XP level 10. HP: 59/59 MP: 13/13
  7990 | Ossuary  | Received a gift from Okawaru
  8048 | Ossuary  | Gained mutation: Your system is resistant to poisons.
                  | (rPois) [potion of mutation]
  8048 | Ossuary  | Gained mutation: Your flesh is heat resistant. (rF+)
                  | [potion of mutation]
  8048 | Ossuary  | Gained mutation: You have a pair of small horns on your
                  | head. [potion of mutation]
  8101 | D:8      | Found a bloodstained altar of Trog.
  8132 | D:8      | Reached **** piety under Okawaru
  8136 | D:8      | Noticed Gastronok
  8155 | D:8      | Killed Gastronok
  8155 | D:8      | Received a gift from Okawaru
  8155 | D:8      | Received a gift from Okawaru
  8155 | D:8      | Reached ***** piety under Okawaru
  8156 | D:8      | Reached skill level 10 in Crossbows
  8156 | D:8      | Reached skill level 4 in Evocations
  8383 | D:8      | Received a gift from Okawaru
  8551 | D:8      | Got a faintly glowing kite shield
  8557 | D:8      | Identified the +4 kite shield "Aziquuso" {rPois rC+ Regen+}
                  | (You found it on level 8 of the Dungeon)
  8651 | D:8      | Reached skill level 1 in Maces & Flails
  8709 | D:8      | Found a sparkling altar of Nemelex Xobeh.
  9088 | D:9      | Noticed a gargoyle
  9103 | D:9      | Killed a gargoyle
  9103 | D:9      | Received a gift from Okawaru
  9126 | D:9      | Found a shimmering altar of Xom.
  9143 | D:9      | Found a shimmering altar of Xom.
  9144 | D:9      | Found a shimmering altar of Xom.
  9144 | D:9      | Found a shimmering altar of Xom.
  9224 | D:9      | Noticed a two-headed ogre
  9246 | D:9      | Killed a two-headed ogre
  9247 | D:9      | Reached skill level 1 in Shields
  9247 | D:9      | Reached skill level 5 in Evocations
  9247 | D:9      | Reached XP level 11. HP: 55/66 MP: 15/15
  9251 | D:9      | Received a gift from Okawaru
  9272 | D:9      | Found a staircase to the Lair.
  9692 | D:10     | Entered Level 10 of the Dungeon
  9755 | D:10     | Noticed Psyche
  9762 | D:10     | Killed Psyche
  9762 | D:10     | Received a gift from Okawaru
  9847 | D:10     | Reached skill level 5 in Invocations
  9891 | D:10     | Killed an unseen horror
  9971 | D:10     | Noticed a wizard
  9974 | D:10     | Noticed a wizard
  9979 | D:10     | Killed a wizard
  9980 | D:10     | Reached skill level 5 in Maces & Flails
  9986 | D:10     | Killed a wizard
 10004 | D:10     | Noticed a wizard
 10013 | D:10     | Found a staircase to the Orcish Mines.
 10016 | D:10     | Paralysed by a wizard for 6 turns
 10029 | D:10     | Killed a wizard
 10147 | D:10     | Noticed a wizard
 10155 | D:10     | Killed a wizard
 10156 | D:10     | Reached skill level 6 in Evocations
 10184 | D:10     | Found a large runed translucent door.
 10185 | D:10     | Found a large runed translucent door.
 10347 | D:10     | Noticed a wizard
 10349 | D:10     | Killed a wizard
 10369 | D:10     | Noticed a wizard
 10376 | D:10     | Killed a wizard
 10377 | D:10     | Reached XP level 12. HP: 64/72 MP: 17/17
 10383 | D:10     | Received a gift from Okawaru
 10565 | D:10     | Found the +3 warlock's mirror {reflect}
 10882 | D:11     | Received a gift from Okawaru
 10900 | D:11     | Found a frozen archway.
 10936 | IceCv    | Entered an ice cave
 11452 | IceCv    | Noticed a reaper
 11567 | IceCv    | Killed a reaper
 12226 | D:11     | Reached skill level 7 in Evocations
 12236 | D:11     | Received a gift from Okawaru
 12241 | D:11     | Got a translucent arbalest {god gift}
 12335 | D:11     | Reached skill level 5 in Shields
 12469 | D:11     | Noticed a boulder beetle
 12479 | D:11     | Killed a boulder beetle
 12546 | D:11     | Reached XP level 13. HP: 59/79 MP: 17/19
 12823 | D:11     | Received a gift from Okawaru
 12921 | D:12     | Reached ****** piety under Okawaru
 13575 | Lair:1   | Entered Level 1 of the Lair of Beasts
 13704 | Lair:1   | Received a gift from Okawaru
 14388 | Lair:1   | Reached skill level 10 in Maces & Flails
 14388 | Lair:1   | Reached skill level 8 in Evocations
 14644 | Lair:2   | Found a burning altar of Makhleb.
 14769 | Lair:2   | Found a hide-covered altar of Uskayaw.
 14769 | Lair:2   | Found an ornate altar of the Wu Jian Council.
 15153 | Lair:2   | Received a gift from Okawaru
 15215 | Lair:2   | Found a staircase to the Shoals.
 16145 | Lair:3   | Reached XP level 14. HP: 80/86 MP: 20/20
 16211 | Lair:3   | Found a staircase to the Snake Pit.
 16546 | Lair:3   | Reached skill level 10 in Armour
 17542 | Lair:3   | Identified the +6 arbalest of the Dragonfly {penet, Int+6}
                  | (Okawaru gifted it to you on level 11 of the Dungeon)
 17549 | Lair:3   | Reached XP level 15. HP: 92/92 MP: 21/21
 17929 | Lair:4   | Received a gift from Okawaru
 17930 | Lair:4   | Got a heavily runed hat {god gift}
 18585 | Lair:5   | Reached skill level 10 in Fighting
 19469 | Lair:5   | Identified the +0 hat "Gieten" {rN+ Str+2} (Okawaru gifted
                  | it to you on level 4 of the Lair of Beasts)
 19489 | Lair:6   | Entered Level 6 of the Lair of Beasts
 19508 | Lair:6   | Reached skill level 9 in Evocations
 19843 | Lair:6   | Found a staircase to the Slime Pits.
 20388 | Lair:6   | Found a runed translucent door.
 20425 | Lair:6   | Paralysed by a hornet for 3 turns
 20505 | Lair:6   | Received a gift from Okawaru
 20635 | Lair:6   | Received a gift from Okawaru
 20636 | Lair:6   | Reached XP level 16. HP: 80/98 MP: 23/23
 21375 | D:13     | Received a gift from Okawaru
 21391 | D:13     | Received a gift from Okawaru
 21471 | D:13     | Got a pair of crude gloves
 21482 | D:13     | Identified the +0 pair of gloves "Paste" {rPois Dex+2} (You
                  | found it on level 13 of the Dungeon)
 21485 | D:13     | Got a faintly glowing morningstar
 21486 | D:13     | Identified the +2 morningstar of Propriety {vorpal, rElec
                  | rPois rF+++ rC-} (You found it on level 13 of the Dungeon)
 21583 | D:14     | Received a gift from Okawaru
 21703 | D:14     | Found a gate to the Vaults.
 21769 | D:14     | Cast into level 2 of the Abyss (a wizard)
 21827 | Abyss:2  | Found a hide-covered altar of Uskayaw.
 21853 | Abyss:2  | Gained mutation: You expend magic power (3 MP) to
                  | strengthen your wands. [a neqoxec]
 21876 | Abyss:2  | Noticed a tentacled starspawn
 21886 | Abyss:2  | Killed a tentacled starspawn
 22006 | Abyss:2  | Received a gift from Okawaru
 22007 | Abyss:2  | Got an iridescent hand crossbow {god gift}
 22071 | Abyss:2  | Reached skill level 10 in Evocations
 22206 | Abyss:2  | Noticed a bone dragon
 22277 | Abyss:3  | HP: 9/100 [raiju/living lightning (11)]
 22280 | Abyss:3  | Noticed a tentacled starspawn
 22282 | Abyss:3  | Found a shadowy altar of Dithmenos.
 22435 | D:14     | Escaped the Abyss
 22771 | D:15     | Entered Level 15 of the Dungeon
 23202 | D:15     | Noticed Louise
 23214 | D:15     | Killed Louise
 23214 | D:15     | Received a gift from Okawaru
 23424 | D:15     | Found a staircase to the Depths.
 23674 | D:15     | Identified the +9 hand crossbow of the Imperium {venom,
                  | *Slow Dex+4 Stlth+} (Okawaru gifted it to you on level 2 of
                  | the Abyss)
 23779 | Orc:1    | Entered Level 1 of the Orcish Mines
 23872 | Orc:1    | Found Dimnesuf's Armour Shoppe.
 23902 | Orc:1    | Found a roughly hewn altar of Beogh.
 24183 | Orc:1    | Received a gift from Okawaru
 24184 | Orc:1    | Reached skill level 15 in Maces & Flails
 24187 | Orc:1    | Got a smoking hat {god gift}
 24198 | Orc:1    | Identified the +0 hat of Vossu {+Inv rElec Str+3 Int-5}
                  | (Okawaru gifted it to you on level 1 of the Orcish Mines)
 24278 | Orc:2    | Entered Level 2 of the Orcish Mines
 24278 | Orc:2    | Found Feunweop's General Store.
 24282 | Orc:2    | Bought a scroll of fear for 56 gold pieces
 24282 | Orc:2    | Bought a potion of heal wounds for 80 gold pieces
 24507 | Orc:2    | Noticed Urug
 24536 | Orc:2    | Killed Urug
 24597 | Orc:2    | Reached XP level 17. HP: 104/104 MP: 25/25
 24934 | Orc:2    | Found a staircase to the Elven Halls.
 25051 | Orc:2    | Found Nucekhli's Magic Scroll Shoppe.
 25051 | Orc:2    | Found Ylafaw's Magic Scroll Boutique.
 25051 | Orc:2    | Found Xoarch's Antique Weapon Shop.
 25108 | Orc:2    | Found Giseobel's General Store.
 25116 | Orc:2    | Bought a scroll of magic mapping for 45 gold pieces
 25116 | Orc:2    | Bought a scroll of blinking for 97 gold pieces
 25116 | Orc:2    | Bought a scroll of teleportation for 39 gold pieces
 25129 | Orc:2    | Bought a potion of curing for 51 gold pieces
 25129 | Orc:2    | Bought a scroll of blinking for 127 gold pieces
 25159 | Orc:2    | Found a runed translucent door.
 25164 | Orc:2    | Noticed abragg123's ghost (journeyman DsIE)
 25578 | Snake:1  | Entered Level 1 of the Snake Pit
 25855 | Snake:1  | Found Pica's Armour Shop.
 25860 | Snake:1  | Found Reroippu's General Store.
 25867 | Snake:1  | Bought a scroll of teleportation for 33 gold pieces
 25867 | Snake:1  | Bought a scroll of magic mapping for 38 gold pieces
 25880 | Snake:1  | Found Qaklim's Antique Weapon Emporium.
 26158 | Snake:1  | Noticed Frances
 26173 | Snake:1  | Killed Frances
 26205 | Snake:1  | Found Neipt's Book Shoppe.
 26231 | Snake:1  | Found Ypnyug's Gadget Shoppe.
 26232 | Snake:1  | Found Adiorph's General Store.
 26326 | Snake:1  | Noticed Aizul
 26359 | Snake:1  | Killed Aizul
 26905 | Snake:1  | Reached skill level 10 in Invocations
 27153 | Snake:2  | Received a gift from Okawaru
 27262 | Snake:2  | Reached skill level 11 in Evocations
 27477 | Snake:2  | Noticed Jorgrun
 27489 | Snake:2  | Killed Jorgrun
 28168 | Snake:3  | Reached skill level 5 in Dodging
 28833 | Snake:3  | Reached skill level 10 in Staves
 29057 | Snake:3  | Received a gift from Okawaru
 29295 | Snake:3  | Reached XP level 18. HP: 110/112 MP: 26/26
 29724 | Snake:4  | Entered Level 4 of the Snake Pit
 29768 | Snake:4  | Noticed Vashnia
 30070 | Snake:4  | Killed Vashnia
 30070 | Snake:4  | Received a gift from Okawaru
 30413 | Snake:3  | Received a gift from Okawaru
 30868 | Snake:4  | Identified the +6 war axe of the Kidney {vorpal, rElec
                  | Str+4}
 31171 | Snake:4  | Received a gift from Okawaru
 31619 | Snake:4  | Reached skill level 12 in Evocations
 32081 | Snake:4  | Received a gift from Okawaru
 32378 | Snake:4  | Got a serpentine rune of Zot
 32758 | Snake:4  | Reached XP level 19. HP: 118/118 MP: 28/28
 33306 | Snake:4  | Identified the +3 long sword "Locrys" {antimagic, rF+ rC++}
 33613 | Shoals:1 | Entered Level 1 of the Shoals
 34061 | Shoals:1 | Received a gift from Okawaru
 34296 | Shoals:1 | Received a gift from Okawaru
 34925 | Shoals:2 | Received a gift from Okawaru
 34977 | Shoals:2 | Found Woxehiugou's General Store.
 35358 | Shoals:2 | Found Bitzew's Weapon Emporium.
 35361 | Shoals:2 | Found Xest's Jewellery Emporium.
 35456 | Shoals:2 | Found Quukhliog's Book Emporium.
 35664 | Shoals:2 | Found Haged's Weapon Emporium.
 35679 | Shoals:2 | You are sucked into a shaft and drop 1 floor!
 36126 | Shoals:3 | Noticed Ilsuiw
 36724 | Shoals:3 | Received a gift from Okawaru
 36946 | Shoals:3 | Reached XP level 20. HP: 123/125 MP: 29/29
 37015 | Shoals:3 | Reached skill level 13 in Evocations
 37034 | Shoals:3 | Killed Ilsuiw
 37154 | Shoals:4 | Entered Level 4 of the Shoals
 37900 | Shoals:4 | HP: 8/126 [alligator snapping turtle (16)]
 38321 | Shoals:4 | Noticed Donald
 38359 | Shoals:4 | Killed Donald
 39100 | Shoals:4 | Got a barnacled rune of Zot
 39555 | Vaults:1 | Entered Level 1 of the Vaults
 39613 | Vaults:1 | Reached skill level 15 in Crossbows
 39619 | Vaults:1 | Received a gift from Okawaru
 39796 | Vaults:1 | Identified a scroll of acquirement
 39796 | Vaults:1 | Acquired 816 gold pieces
 39816 | Vaults:1 | Received a gift from Okawaru
 39819 | Vaults:1 | Identified the +0 quarterstaff of Midwinter {flame, Fragile
                  | rF+++ Dex-2 Stlth+} (Okawaru gifted it to you on level 1 of
                  | the Vaults)
 39833 | Vaults:1 | Reached skill level 10 in Dodging
 40136 | Vaults:1 | Found a portal to a secret trove of treasure.
 40329 | Vaults:1 | Noticed Nikola
 40341 | Vaults:1 | Killed Nikola
 40596 | Vaults:1 | Reached skill level 14 in Evocations
 40603 | Vaults:1 | Received a gift from Okawaru
 40604 | Vaults:1 | Reached XP level 21. HP: 69/132 MP: 30/30
 40791 | Vaults:1 | Found a runed translucent gate.
 40791 | Vaults:1 | Found a runed translucent gate.
 40791 | Vaults:1 | Found a runed translucent gate.
 40792 | Vaults:1 | Noticed Zotwa's ghost (adept GnSk)
 40793 | Vaults:1 | Found an iron altar of Okawaru.
 40968 | Vaults:2 | Reached skill level 15 in Armour
 40980 | Vaults:2 | Noticed Asterion
 41230 | Vaults:2 | Received a gift from Okawaru
 41680 | Vaults:2 | Killed Asterion
 41878 | Vaults:2 | Found Tukhluollach's Magic Scroll Boutique.
 41888 | Vaults:2 | Bought a scroll of fear for 49 gold pieces
 41888 | Vaults:2 | Bought a scroll of fog for 28 gold pieces
 41970 | Vaults:2 | Received a gift from Okawaru
 42488 | Vaults:2 | Found a radiant altar of Vehumet.
 42500 | Vaults:2 | Identified the +0 hat of Satisfaction {*Corrode +Blink
                  | Str+4 Dex-3} (You found it on level 2 of the Vaults)
 42514 | Vaults:2 | Received a gift from Okawaru
 42517 | Vaults:2 | Identified the +1 hat of Purpose {Int-3 Dex+3 SInv}
                  | (Okawaru gifted it to you on level 2 of the Vaults)
 42521 | Vaults:2 | Identified the +2 hat of Infinity {rElec Str+3} (You found
                  | it on level 2 of the Vaults)
 42910 | Vaults:3 | Found a staircase to the Crypt.
 43277 | Vaults:3 | Noticed Mara
 43294 | Vaults:3 | Noticed trckry's illusion
 43304 | Vaults:3 | Killed Mara
 44336 | Vaults:4 | Noticed Bai Suzhen
 44362 | Vaults:4 | Killed Bai Suzhen
 44442 | Vaults:4 | Reached skill level 15 in Evocations
 44624 | Vaults:1 | You paid a toll of +4 storm dragon scales to enter a
                  | treasure trove
 44625 | Trove    | Entered a treasure trove
 44656 | Trove    | Identified the +7 ice dragon scales of Noon {rElec rF- rC++
                  | Regen+ rCorr Dex+7} (You found it in a treasure trove)
 44727 | Trove    | Got a brightly glowing platinum amulet
 44749 | Vaults:1 | Identified the amulet "Ataecson" {Inacc rF+} (You found it
                  | in a treasure trove)
 45084 | Vaults:4 | Received a gift from Okawaru
 45145 | Vaults:4 | Noticed Sojobo
 45146 | Vaults:4 | Reached XP level 22. HP: 111/138 MP: 31/31
 46081 | Vaults:4 | Killed Sojobo
 46082 | Vaults:4 | Reached skill level 15 in Fighting
 46094 | Vaults:4 | Received a gift from Okawaru
 46812 | Vaults:4 | Reached skill level 16 in Evocations
 46812 | Vaults:4 | Reached XP level 23. HP: 144/144 MP: 32/32
 46813 | Vaults:4 | Reached XP level 24. HP: 151/151 MP: 32/32
 46814 | Vaults:4 | Reached XP level 25. HP: 156/156 MP: 32/32
 47151 | Elf:1    | Entered Level 1 of the Elven Halls
 47697 | Elf:1    | Identified the Incunabulum of the Escort
 48269 | Elf:2    | Found an ancient bone altar of Kikubaaqudgha.
 48310 | Elf:2    | Found a runed translucent gate.
 48310 | Elf:2    | Found a runed translucent gate.
 48311 | Elf:2    | Found a runed translucent gate.
 48390 | Elf:2    | Received a gift from Okawaru
 49006 | Elf:2    | Reached skill level 17 in Evocations
 49389 | Elf:3    | Entered Level 3 of the Elven Halls
 49392 | Elf:3    | Reached XP level 26. HP: 162/162 MP: 32/32
 49627 | Elf:3    | Found a runed translucent door.
 50091 | Elf:3    | Received a gift from Okawaru
 50111 | Elf:3    | Identified the +1 plate armour of Experimentation {-Tele
                  | rPois Regen+ Str+10} (Okawaru gifted it to you on level 3
                  | of the Elven Halls)
 50710 | Elf:3    | Identified the +7 chain mail of Least Resistance {*Drain
                  | rN+++ Will+}
 50710 | Elf:3    | Identified the cursed +0 great sword of the Absolute Madman
                  | {flame, Str+3 Stlth+}
 50710 | Elf:3    | Identified the +3 leather armour of Yvuneguj {rC+}
 50710 | Elf:3    | Identified the ring "Zoticu Uxisa" {*Contam rF+++ EV+4
                  | Slay+3}
 50710 | Elf:3    | Identified the ring "Jihit" {Wiz rN+ Will+ Str+4 Stlth+}
 51386 | Elf:3    | Identified Sif Muna's Grimoire of Freezing Transformation
 51390 | Elf:3    | Identified Sif Muna's Compendium of Feathers and
                  | Orientation
 51399 | Elf:3    | Identified the Compendium of Unstable Venom
 51822 | Depths:1 | Entered Level 1 of the Depths
 52319 | Depths:1 | Reached skill level 18 in Evocations
 52365 | Depths:1 | Identified the +11 hand crossbow "Sifujoosh" {elec, rPois
                  | Str+3 Dex-4} (You found it on level 1 of the Depths)
 52377 | Depths:1 | Found a one-way gate to the infinite horrors of the Abyss.
 52408 | Depths:1 | Received a gift from Okawaru
 52968 | Depths:1 | Found a gateway to Hell.
 53459 | Depths:1 | Got a transparent golden ring
 53460 | Depths:1 | Identified the ring of the Traitor {+Fly rF+ Int+4 Stlth-}
                  | (You found it on level 1 of the Depths)
 54118 | Depths:2 | Reached XP level 27. HP: 170/170 MP: 32/32
 54786 | Depths:2 | Reached skill level 15 in Dodging
 54801 | Depths:2 | Received a gift from Okawaru
 55232 | Depths:2 | Paralysed by a floating eye for 3 turns
 55352 | Depths:2 | Acquired the ring "Cacos" {rC+ rN++ Will+ Str+6 SInv}
 55354 | Depths:2 | Acquired a manual of Evocations
 55356 | Depths:2 | Acquired a manual of Shields
 55759 | Depths:3 | Found a one-way gate leading to the halls of Pandemonium.
 56269 | Depths:3 | Reached skill level 19 in Evocations
 56488 | Depths:3 | Reached skill level 10 in Shields
 56532 | Depths:3 | Paralysed by a floating eye for 2 turns
 56539 | Depths:3 | Paralysed by a floating eye for 4 turns
 57209 | Depths:4 | Found Daitocw's Gadget Emporium.
 57210 | Depths:4 | Found Kauq Ewegye's Jewellery Boutique.
 57211 | Depths:4 | Found Erohi's Gadget Emporium.
 57217 | Depths:4 | Bought a phantom mirror for 480 gold pieces
 57223 | Depths:4 | Bought the ring "Moly" {+Blink rPois rF- rC+++ AC+4} for
                  | 1561 gold pieces
 57497 | Depths:4 | Found a gateway to a ziggurat.
 57568 | Depths:4 | Received a gift from Okawaru
 57822 | Depths:4 | Identified the +6 broad axe "Usmagev" {elec, +Inv Int+4
                  | Dex+4}
 57822 | Depths:4 | Identified the +1 shortbow "Eluoril" {venom, Str+4 Dex+4}
 57941 | Depths:4 | Noticed a juggernaut
 57951 | Depths:4 | Killed a juggernaut
 57951 | Depths:4 | Received a gift from Okawaru
 58012 | Depths:4 | Received a gift from Okawaru
 58063 | Depths:4 | Reached skill level 20 in Evocations
 58206 | Depths:4 | Received a gift from Okawaru
 58634 | Depths:4 | Acquired the +2 pair of gloves of Anaesthesia {-Cast Int+8
                  | Slay+3}
 58808 | Depths:5 | Entered Level 5 of the Depths
 58811 | Depths:5 | Noticed a juggernaut
 58833 | Depths:5 | Killed a juggernaut
 59091 | Depths:5 | Found Etulukoel's General Store.
 59091 | Depths:5 | Found Vuferir's General Store.
 59098 | Depths:5 | Found Raobluk's Weapon Boutique.
 59103 | Depths:5 | Found Vuewib's Distillery.
 59106 | Depths:5 | Bought a scroll of fear for 73 gold pieces
 59109 | Depths:5 | Bought a potion of heal wounds for 80 gold pieces
 59109 | Depths:5 | Bought a potion of invisibility for 128 gold pieces
 59109 | Depths:5 | Bought a potion of heal wounds for 80 gold pieces
 59118 | Depths:5 | Bought a scroll of teleportation for 78 gold pieces
 59345 | Depths:5 | Noticed a juggernaut
 59384 | Depths:5 | Killed a juggernaut
 59520 | Depths:5 | Received a gift from Okawaru
 59754 | Depths:5 | Received a gift from Okawaru
 59760 | Depths:5 | Identified the +12 crystal plate armour "Arenug" {Regen+
                  | Int-3 Dex+6 SInv} (Okawaru gifted it to you on level 5 of
                  | the Depths)
 59955 | Depths:5 | Reached skill level 21 in Evocations
 60100 | Depths:5 | Found a gate to the Realm of Zot.
 60658 | Vaults:5 | Entered Level 5 of the Vaults
 60754 | Vaults:5 | Reached skill level 15 in Shields
 60816 | Vaults:5 | Noticed an ancient lich
 60839 | Vaults:5 | Killed an ancient lich
 60858 | Vaults:4 | Received a gift from Okawaru
 61130 | Vaults:5 | Identified the +5 quarterstaff "Lyuwop" {vorpal, +Rage
                  | rElec Str-4 Dex+6}
 61198 | Vaults:5 | Identified the cursed +2 spear of Equilibrium {flame, rN+}
 61705 | Vaults:5 | Identified the +1 ring mail "Imuhe" {rElec}
 61840 | Vaults:5 | Identified the +1 scythe of Dullness {flame, *Corrode +Rage
                  | Int+5}
 61884 | Vaults:5 | Received a gift from Okawaru
 61923 | Vaults:5 | Reached skill level 22 in Evocations
 62245 | Vaults:5 | Found Tadoikant's Gadget Shop.
 62250 | Vaults:5 | Bought a wand of digging (5) for 270 gold pieces
 62391 | Vaults:5 | Got a silver rune of Zot
 62624 | Vaults:5 | Identified the Almanac of Spatial Companions
 62884 | Vaults:5 | Identified the cursed +1 mace of Contradiction {flame,
                  | *Noise +Blink rElec Will++}
 63197 | Orc:2    | Bought a scroll of torment for 120 gold pieces
 63198 | Orc:2    | Bought a scroll of acquirement for 676 gold pieces
 63198 | Orc:2    | Bought a scroll of torment for 97 gold pieces
 63198 | Orc:2    | Acquired 561 gold pieces
 63223 | Orc:2    | Killed abragg123's ghost
 63471 | Slime:1  | Entered Level 1 of the Pits of Slime
 63595 | Slime:1  | Gained mutation: You are resistant to electric shocks.
                  | (rElec) [a shining eye]
 63600 | Slime:1  | Reached skill level 20 in Armour
 63992 | Slime:2  | Gained mutation: Your body sometimes deteriorates upon
                  | taking damage. [a shining eye]
 64158 | Slime:3  | Paralysed by a great orb of eyes for 7 turns
 64163 | Slime:3  | HP: 14/175 [enormous slime creature (14)]
 64163 | Slime:3  | HP: 3/175 [large slime creature (11)]
 64163 | Slime:3  | Slain by an azure jelly

Illustrated notes

Levels and vault maps discovered:
D:1:      eino_arrival_water_star, layout_rooms
D:2:      layout_basic, chequers_ecumenical_altar_lobes,
          fedhas_altar_fruit_tree, uniq_jessica, uniq_crazy_yiuf_cottage
D:3:      layout_basic
D:4:      layout_loops_cross, minmay_temple_entry_drinking_statues,
          kennysheep_small_spiral, minmay_mini_ossuary, uniq_natasha
D:5:      layout_cave_pods
D:6:      layout_loops_cross, portal_sewer_entry_f, bloody_trog, uniq_grinder
D:7:      layout_rooms, uniq_pikel, uniq_harold
D:8:      layout_basic, nemelex_altar_shiori, enter_ossuary_1,
          trog_three_pillars_becter, uniq_gastronok
D:9:      layout_roguey, dpeg_oklobed_lair, xom_redecorated
D:10:     minmay_smoke_and_mirrors, layout_rooms, orc_0_dummy,
          lightli_elemental_guards, uniq_psyche
D:11:     layout_cave_pods, portal_ice_cave_entry_pillars_2
D:12:     layout_basic, minivault_26
D:13:     layout_rooms, minivault_12
D:14:     layout_gridville, david_vaults_2, amcnicky_mini_rare_corridor_liquid,
          minmay_crystal_room
D:15:     grunt_enter_depths_hoard, layout_cave_pods, nicolae_benzene_ring,
          uniq_louise
Temple:   regret_index_temple_sigil_plot
Lair:1:   layout_cave_pods
Lair:2:   layout_small_grid, minmay_shoals_entry_centaurs, serial_rivers,
          chequers_serial_rivers_large_b, chequers_serial_rivers_micro_e,
          chequers_serial_rivers_room_a, chequers_serial_rivers_micro_e,
          chequers_serial_rivers_small_b, basic_altar,
          nzn_masters_of_martial_movement
Lair:3:   layout_hall_layers, minmay_snake_entry_guardpost_small, serial_bayou,
          serial_bayou_pond_c, serial_bayou_pond_d, serial_bayou_pond_a,
          serial_bayou_pond_e, minmay_lair_oklob_chamber
Lair:4:   layout_regular_city, gauntlet_entry_generic,
          chequers_serial_rivers_micro_c, wad_woods_02
Lair:5:   layout_regular_city, wad_woods_river_01, lemuel_fruit_tree,
          serial_bayou_shore_b
Lair:6:   guppyfry_lair_end_dragon, layout_long_grid, wormcave, slime_dummy,
          grunt_megastairs_3
Shoals:1: layout_shoals
Shoals:2: layout_shoals, serial_shops, nicolae_shop_stone, shop,
          nicolae_shop_behind_doors, nicolae_shop_trees, shop
Shoals:3: layout_shoals, nicolae_shoals_kraken_intersection, uniq_ilsuiw
Shoals:4: shoals_end_simple, layout_shoals, uniq_donald
Snake:1:  layout_cave_shapes, serial_shops, shop, nicolae_shop_waterfront, shop,
          nicolae_shop_temple_entry_statues_fountains, minmay_shop_star,
          uniq_frances, uniq_aizul
Snake:2:  layout_rooms, statue_in_the_mist_lemuel, grunt_megastairs_2,
          serial_bayou_shore_b, serial_bayou_shore_b, uniq_jorgrun
Snake:3:  layout_chambers, serial_bayou_shore_b
Snake:4:  grunt_snake_rune_spirals, layout_onion, uniq_vashnia
Slime:1:  layout_caves
Slime:2:  layout_caves
Slime:3:  layout_caves
Orc:1:    layout_caves, basic_altar, serial_shops, nicolae_shop_waterfront,
          minmay_orc_barracks
Orc:2:    st_orc_rangers, layout_caves, ebering_ghost_reflecting_pool,
          serial_shops, shop, uniq_urug
Elf:1:    layout_geoelf_octagon, minmay_elf_demonology
Elf:2:    layout_geoelf_octagon, basic_altar
Elf:3:    elf_hall, layout_onion_city, minivault_13
Vaults:1: gammafunk_vaults_ghost_fury_of_okawaru, nicolae_vaults_shelves_hall,
          nicolae_vaults_network_star, v_misc_27, dpeg_vaults_monster_box,
          v_misc_12, vaults_dpeg_ring, nicolae_vaults_specimen_jars, v_misc_32,
          nicolae_vaults_little_squares_1, vaults_standard_mumra_lines,
          ontoclasm_vaults_gateway, layout_vaults_ring,
          nicolae_trove_entry_isolated, uniq_nikola
Vaults:2: grunt_vaults_focal, grunt_tower_of_power,
          nicolae_vaults_circle_grid_a, vaults_dpeg_cross,
          nicolae_vaults_little_squares_6, nicolae_vaults_little_squares_3,
          vaults_mumra_minichess_inversion, vaults_dpeg_encased_lava,
          vaults_room_fours, hangedman_vaults_capsules, vaults_room_semicircle,
          layout_vaults_chaotic_city, serial_shops, nicolae_shop_statue_plus,
          uniq_asterion
Vaults:3: ontoclasm_vaults_ring_large, v_pattern_2, hangedman_vaults_impose,
          ontoclasm_vaults_tryst, vaults_room_pool, layout_vaults_omnigrid,
          dummy_crypt_entry, uniq_mara
Vaults:4: nicolae_vaults_network_quinsquares
          [nicolae_vaults_network_quincunx_subvault,
          nicolae_vaults_network_quincunx_subvault,
          nicolae_vaults_network_quincunx_subvault,
          nicolae_vaults_network_quincunx_subvault], vaults_mumra_lcd,
          ontoclasm_vaults_chip, st_more_cells, hangedman_vaults_locks,
          ontoclasm_vaults_eye, v_rooms_1, ontoclasm_vaults_claustrophobia,
          grunt_vaults_trifunnel, v_misc_23, vaults_room_pools,
          vaults_room_stairs_pillars, ontoclasm_vaults_shuriken,
          nicolae_vaults_shelves_hall, vaults_dpeg_diagonal,
          layout_vaults_omnibox, uniq_bai_suzhen, uniq_sojobo
Vaults:5
Depths:1: minmay_four_inscribed_fans, layout_twisted_cross,
          chequers_serial_rivers_micro_d, abyss_entry, hangedman_coc_ice_floe,
          minivault_11, nrook_mini_backslash, water_boxes_lemuel, firewood_loft
Depths:2: four-leaf_vault, layout_gridlike, minmay_stone_trees_small,
          hell_entry, infiniplex_staircase_hallway_doors
Depths:3: minmay_eyes, layout_gridlike, hell_entry, pan_entry, st_stairs_2,
          library_closet, kennysheep_pointless_box
Depths:4: minmay_the_grid_octo_tiled_octocenter_mashed
          [minmay_the_grid_octo_teeth, minmay_the_grid_octo_toaster,
          minmay_the_grid_octo_clover_2, minmay_the_grid_octo_odd_swirl,
          minmay_the_grid_octo_prize_star, minmay_the_grid_square_5x5_corner,
          minmay_the_grid_square_5x5_lines,
          minmay_the_grid_square_5x5_six_small,
          minmay_the_grid_square_5x5_forky], layout_gridlike, enter_ziggurat_a,
          hell_entry, abyss_entry, minmay_shop_grove
Depths:5: grunt_zot_entry_gee_three, layout_gridville, hellmouth_1,
          grunt_decor_junction, minmay_mirror_moons_of_madness, minmay_shoptagon

Skill      XL: |  1  2  3  4  5  6  7  8  9 10 11 12 13 14 15 16 17 18 19 20 21 22 23 24 25 26 27 |
---------------+----------------------------------------------------------------------------------+-----
Armour         | 1 2 3 4 5 6 7 8 9 10 11 12 13 14 15 16 18 20 | 20.0
Crossbows      | 5 6 7 8 9 10 12 14 15 16 17 18 | 18.0
Fighting       | 3 4 5 6 7 8 9 10 11 12 13 14 15 16 18 | 18.7
Staves         | 2 3 4 5 7 8 10 | 10.3
Invocations    | 1 2 3 4 5 6 7 8 9 10 11 | 11.9
Evocations     | 1 2 3 5 6 7 8 9 10 11 12 14 15 16 17 18 22 | 22.3
Maces & Flails | 3 6 8 10 12 13 15 | 15.2
Shields        | 1 3 5 6 7 8 9 16 | 16.9
Dodging        | 5 7 9 10 11 12 13 14 17 | 17.4
Stealth        | |  1.0

Action                   |  1- 3 |  4- 6 |  7- 9 | 10-12 | 13-15 | 16-18 | 19-21 | 22-24 | 25-27 || total
-------------------------+-------+-------+-------+-------+-------+-------+-------+-------+-------++-------
Melee: Short sword       |    72 |    16 |       |       |       |       |       |       |       ||    88
       Peck              |    10 |     8 |    44 |   128 |   188 |   207 |   473 |   115 |   575 ||  1748
       Kick              |    12 |    16 |    71 |   210 |   284 |   345 |   771 |   156 |   933 ||  2798
       Quarterstaff      |       |    72 |    43 |       |       |       |       |       |       ||   115
       Morningstar       |       |       |   245 |   588 |   780 |   749 |  1540 |   317 |  1685 ||  5904
       Headbutt          |       |       |       |   129 |   201 |   209 |   515 |   106 |   586 ||  1746
 Fire: Hand crossbow     |       |    26 |     4 |     6 |    55 |   844 |   285 |       |   961 ||  2181
Throw: Dart              |       |     2 |       |     1 |    11 |       |       |       |       ||    14
       Throwing net      |       |       |       |     1 |       |       |     1 |     1 |       ||     3
Invok: Finesse           |       |       |       |     2 |       |     1 |       |       |     2 ||     5
       Heroism           |       |       |       |     2 |       |       |       |       |     1 ||     3
 Abil: Fly               |       |       |     1 |       |     1 |       |       |       |     1 ||     3
       Stop Flying       |       |       |       |     1 |       |       |       |     1 |       ||     2
Evoke: Wand              |       |       |       |     3 |       |     5 |       |     1 |     6 ||    15
       Phial of floods   |       |       |       |       |       |     1 |       |       |       ||     1
       Tin of tremorston |       |       |       |       |       |       |       |     1 |     2 ||     3
  Use: Scroll            |     2 |       |    11 |     6 |     8 |     9 |    19 |     1 |    18 ||    74
       Potion            |       |       |       |     9 |     1 |     8 |     4 |     3 |     1 ||    26
 Stab: Paralysed         |       |     2 |       |       |       |       |       |       |       ||     2
       Invisible         |       |       |       |       |       |     2 |       |       |       ||     2
Armor: Ring mail         |    19 |    15 |     4 |       |       |       |       |       |       ||    38
       Chain mail        |       |       |   146 |       |       |       |       |       |       ||   146
       Scale mail        |       |       |     9 |    28 |       |       |       |       |       ||    37
       Plate armour      |       |       |       |   162 |       |       |       |       |       ||   162
       Crystal plate arm |       |       |       |    72 |   364 |   522 |   605 |    79 |   608 ||  2250
Dodge: Dodged            |    55 |    67 |   283 |   240 |   220 |   181 |   426 |    68 |   709 ||  2249
Block: Kite shield       |       |       |       |   326 |   620 |  1197 |  1659 |   220 |  1774 ||  5796
       Reflection        |       |       |       |       |     2 |   258 |   140 |     7 |   161 ||   568
